 Dungeon Crawl Stone Soup version 0.26-a0-37-g50178cf (webtiles) character file.

Game seed: 3709607457897815650, levelgen mode: deterministic

27105 Blackhawk the Fighter (level 13, -21/187 HPs)
             Began as a Minotaur Berserker on May 30, 2020.
             Was the Champion of Trog.
             Killed from afar by an ice dragon (42 damage)
             ... with a blast of cold
             ... on level 15 of the Dungeon.
             The game lasted 00:18:15 (11142 turns).

Blackhawk the Fighter (Minotaur Berserker)         Turns: 11142, Time: 00:18:16

Health: -21/187    AC: 14    Str: 25    XL:     13   Next: 2%
Magic:  12/12      EV: 15    Int:  4    God:    Trog [******]
Gold:   587        SH: 14    Dex: 12    Spells: 12/12 levels left

rFire    . . .     SeeInvis .   m - +0 broad axe (vorpal)
rCold    . . .     Gourm    .   d - +1 kite shield {AC+3}
rNeg     . . .     Faith    .   k - +0 ring mail (curse)
rPois    .         Spirit   .   v - +2 hat
rElec    .         Reflect  .   (no cloak)
rCorr    .         Harm     .   B - +0 pair of gloves
MR       +....                  (no boots)
Stlth    ..........             A - amulet of regeneration
HPRegen  0.81/turn              I - ring of Fofap {+Inv +Fly MR+}
MPRegen  0.13/turn              H - +4 ring of evasion

@: berserking (expiring), studying Staves, very quick
A: retaliatory headbutt, horns 2
a: Berserk, Trog's Hand, Brothers in Arms, Renounce Religion, Evoke
Invisibility, Evoke Flight


You were on level 15 of the Dungeon.
You worshipped Trog.
Trog was exalted by your worship.
You were near starving.

You visited 1 branch of the dungeon, and saw 14 of its levels.

You collected 734 gold pieces.
You spent 147 gold pieces at shops.

Inventory:

Hand Weapons
 a - a +1 war axe of draining
 b - a +0 scimitar of flaming
 m - a +0 vorpal broad axe (weapon)
Missiles
 C - 42 poisoned darts (quivered)
Armour
 d - a +1 kite shield of protection (worn)
 k - a cursed +0 ring mail (worn)
 v - a +2 hat (worn)
 B - a +0 pair of gloves (worn)
Jewellery
 A - an amulet of regeneration (around neck)
 H - a +4 ring of evasion (right hand)
 I - the ring of Fofap (left hand) {+Inv +Fly MR+}
   (You found it on level 11 of the Dungeon)

   [ring of flight]

   It affects your resistance to hostile enchantments.
   It lets you turn invisible.
   It lets you fly.
Wands
 q - a wand of acid (6)
 t - a wand of iceblast (22)
 J - a wand of random effects (13)
 K - a wand of paralysis (10)
Scrolls
 e - 5 scrolls of teleportation
 g - a scroll of fog {unknown}
 j - 4 scrolls of blinking
 l - 4 scrolls of magic mapping
 n - 7 scrolls of remove curse
 s - 2 scrolls of enchant armour
 y - a scroll of fear {unknown}
 E - 2 scrolls of immolation
 N - a scroll of vulnerability {unknown}
 P - a scroll of holy word
Potions
 f - 2 potions of lignification
 i - 4 potions of flight
 o - 3 potions of stabbing
 p - a potion of degeneration
 r - 7 potions of heal wounds
 w - 3 potions of haste
 z - a potion of cancellation {unknown}
 D - 4 potions of curing
 F - 2 potions of magic
 G - 2 potions of might
Books
 L - a manual of Staves
Miscellaneous
 M - a phial of floods
Comestibles
 c - 26 rations


   Skills:
 + Level 14.8 Fighting
 + Level 12.2 Axes
 + Level 12.0 Armour
 - Level 3.0 Dodging
 + Level 11.5 Shields


You had 12 spell levels left.
You didn't know any spells.
Your spell library was empty.

Dungeon Overview and Level Annotations

Branches:
Dungeon (13/15)            Temple (0/1) D:4            Lair (0/6) D:8
    Orc (0/2) D:9
 Vaults: D:13-14

Altars:
Ashenzari
Cheibriados
Dithmenos
Hepliaklqana
Nemelex Xobeh
Okawaru
Qazlal
Ru
Trog
Uskayaw
Vehumet
Wu Jian
Xom
The Shining One

Shops:
D:6 *   D:9 [   D:10 %

Portals:
Abyss: D:10

Annotations:
D:7 1 runed translucent door
D:10 2 transporters, lightray's ghost, novice OpWn


Innate Abilities, Weirdness & Mutations

You reflexively headbutt those who attack you in melee.
You have a pair of horns on your head.


Message History

Trog accepts your kill.
You slice the fire dragon!!
The fire dragon is severely wounded.
The fire dragon breathes flames at you. The blast of flame hits you!
* * * LOW HITPOINT WARNING * * *
You hear an angry buzzing noise.
You hit the fire dragon. You headbutt the fire dragon!
The fire dragon is almost dead.
The fire dragon bites you.
* * * LOW HITPOINT WARNING * * *
The fire dragon closely misses you. You block the fire dragon's attack.
You slash the fire dragon!
You kill the fire dragon!
Trog accepts your kill.
Your Armour skill increases to level 12!
You have reached level 13!
The ice dragon breathes frost at you. The blast of cold hits you!!!
You die...

.. .# .# .#
##.# ##..#
##†..#
#.†@.#
#..8.).....#
#..D..####.#
#$##(## #.
### . . #$


You could see an ice dragon (catching breath).

Vanquished Creatures
  Azrael (D:15)
  A fire dragon (D:15)
  4 two-headed ogres (D:9)
  Erica (D:8)
  An unseen horror (D:10)
  2 manticores
  An ugly thing (D:11)
  Psyche (D:9)
  2 trolls
  A queen bee (D:8)
  A hippogriff (D:11)
  A hornet (D:8)
  Sigmund (D:3)
  A wraith (D:8)
  6 yaks
  Eustachio (D:5)
  5 fire elementals (D:15)
  2 hungry ghosts (D:8)
  A soldier ant (D:10)
  2 hell hounds (D:15)
  5 orc warriors
  An eye of draining (D:9)
  2 ice beasts
  A black bear (D:6)
  3 sky beasts
  8 ogres
  4 centaurs
  6 bullfrogs
  2 wyvern zombies
  A gnoll sergeant (D:8)
  4 scorpions
  22 killer bees
  8 wights
  7 howler monkeys
  7 crimson imps
  A bullfrog zombie (D:5)
  A centaur zombie (D:6)
  A jelly (D:11)
  8 hounds
  Jessica (D:2)
  5 iguanas
  Ijyb (D:3)
  Terence (D:3)
  9 orc wizards
  9 worker ants
  2 hound skeletons
  Robin (D:2)
  5 gnolls (D:8)
  2 howler monkey skeletons
  15 adders
  3 shadow imps
  2 oozes
  3 adder skeletons
  A worm (D:4)
  3 dart slugs
  7 leopard geckos
  53 orcs
  10 bats
  6 giant cockroaches
  16 goblins
  7 hobgoblins
  4 jackals
  7 kobolds
  3 quokkas
  7 frilled lizards
  A jackal skeleton (D:4)
  8 rats
320 creatures vanquished.

Notes
Turn   | Place    | Note
-------+----------+-------------------------------------------
     0 | D:1      | Blackhawk the Minotaur Berserker began the quest for the
                  | Orb.
     0 | D:1      | Reached XP level 1. HP: 19/19 MP: 0/0
   252 | D:1      | Reached XP level 2. HP: 17/27 MP: 1/1
   572 | D:1      | Reached skill level 4 in Fighting
   788 | D:1      | Reached XP level 3. HP: 22/33 MP: 2/2
   960 | D:1      | Reached ** piety under Trog
  1460 | D:2      | Noticed Jessica
  1465 | D:2      | Killed Jessica
  1465 | D:2      | Reached XP level 4. HP: 26/41 MP: 3/3
  1604 | D:2      | Found a snail-covered altar of Cheibriados.
  1865 | D:2      | Noticed Robin
  1882 | D:2      | Killed Robin
  2206 | D:3      | Reached skill level 1 in Shields
  2343 | D:3      | Found a bloodstained altar of Trog.
  2440 | D:3      | Reached XP level 5. HP: 36/47 MP: 4/4
  2773 | D:3      | Noticed Ijyb
  2778 | D:3      | Killed Ijyb
  2984 | D:3      | Noticed Sigmund
  2987 | D:3      | Noticed Terence
  2994 | D:3      | Killed Terence
  2994 | D:3      | Reached skill level 5 in Fighting
  3000 | D:3      | Killed Sigmund
  3000 | D:3      | Reached skill level 5 in Axes
  3000 | D:3      | Reached XP level 6. HP: 35/56 MP: 5/5
  3268 | D:3      | Reached *** piety under Trog
  3312 | D:3      | Found an ornate altar of the Wu Jian Council.
  3338 | D:3      | Found an iron altar of Okawaru.
  3507 | D:3      | Found a glowing golden altar of the Shining One.
  3571 | D:3      | Reached skill level 5 in Armour
  3571 | D:3      | Reached XP level 7. HP: 13/62 MP: 6/6
  4081 | D:3      | Found a sparkling altar of Nemelex Xobeh.
  4101 | D:4      | Found a shattered altar of Ashenzari.
  4101 | D:4      | Found a staircase to the Ecumenical Temple.
  4314 | D:4      | Reached skill level 6 in Fighting
  4559 | D:4      | Reached **** piety under Trog
  4693 | D:4      | Found a shimmering altar of Xom.
  4795 | D:5      | Entered Level 5 of the Dungeon
  4812 | D:5      | You fall into a shaft and drop 2 floors!
  4879 | D:7      | Reached XP level 8. HP: 71/71 MP: 7/7
  4930 | D:7      | Reached skill level 5 in Shields
  5136 | D:7      | Found a glowing golden altar of the Shining One.
  5136 | D:7      | Found a runed translucent door.
  5136 | D:7      | Noticed an angel
  5301 | D:7      | Reached skill level 7 in Fighting
  5554 | D:6      | Found Komubuyn's Assorted Antiques.
  5573 | D:6      | Bought 2 emerald potions for 46 gold pieces
  5573 | D:6      | Bought a fizzy grey potion for 23 gold pieces
  5573 | D:6      | Bought a scroll labeled GEITOU CONEU for 26 gold pieces
  5573 | D:6      | Bought a scroll labeled GEITOU CONEU for 26 gold pieces
  5573 | D:6      | Bought a scroll labeled BOTWYO QIBBUE for 26 gold pieces
  5808 | D:6      | Reached XP level 9. HP: 81/81 MP: 8/8
  5813 | D:6      | Reached skill level 8 in Fighting
  6513 | D:5      | Found a hide-covered altar of Uskayaw.
  6579 | D:5      | Found a shadowy altar of Dithmenos.
  6990 | D:5      | Noticed Eustachio
  7042 | D:5      | Killed Eustachio
  7329 | D:8      | Noticed Erica
  7411 | D:8      | Killed Erica
  7411 | D:8      | Reached skill level 9 in Fighting
  7527 | D:8      | Found a hazy altar of Hepliaklqana.
  7549 | D:8      | Found a sacrificial altar of Ru.
  7571 | D:8      | Reached XP level 10. HP: 43/91 MP: 9/9
  7703 | D:8      | Reached ***** piety under Trog
  7746 | D:8      | Found a staircase to the Lair.
  7939 | D:8      | Noticed a manticore
  7952 | D:8      | Killed a manticore
  7952 | D:8      | Reached skill level 10 in Fighting
  7952 | D:8      | Reached skill level 10 in Axes
  8371 | D:8      | Found a radiant altar of Vehumet.
  8460 | D:9      | Reached skill level 10 in Armour
  8533 | D:9      | Found Uzal's Armour Boutique.
  8533 | D:9      | Noticed a two-headed ogre
  8545 | D:9      | Killed a two-headed ogre
  8588 | D:9      | Noticed a two-headed ogre
  8604 | D:9      | Killed a two-headed ogre
  8604 | D:9      | Reached skill level 10 in Shields
  8604 | D:9      | Reached XP level 11. HP: 46/101 MP: 10/10
  8695 | D:9      | Found a sparkling altar of Nemelex Xobeh.
  8708 | D:9      | Found a stormy altar of Qazlal.
  8945 | D:9      | Reached skill level 11 in Fighting
  9151 | D:9      | Noticed a two-headed ogre
  9156 | D:9      | Killed a two-headed ogre
  9220 | D:9      | Noticed Psyche
  9239 | D:9      | Killed Psyche
  9396 | D:9      | Noticed a two-headed ogre
  9404 | D:9      | Killed a two-headed ogre
  9555 | D:9      | Found a staircase to the Orcish Mines.
  9632 | D:10     | Entered Level 10 of the Dungeon
  9679 | D:10     | Killed an unseen horror
  9742 | D:10     | Reached ****** piety under Trog
  9869 | D:10     | Found Humom's Food Shop.
  9923 | D:10     | Identified the +4 spear "Weuxuih" {distort, Dex+2}
  9952 | D:10     | Found a transporter.
  9954 | D:10     | Found a transporter.
  9961 | D:10     | Found a one-way gate to the infinite horrors of the Abyss.
 10009 | D:10     | Noticed lightray's ghost (novice OpWn)
 10115 | D:10     | Received a gift from Trog
 10635 | D:11     | Noticed a red ugly thing
 10641 | D:11     | Killed a red ugly thing
 10761 | D:11     | Got a slimy amber ring
 10992 | D:11     | Identified the ring of Fofap {+Inv +Fly MR+} (You found it
                  | on level 11 of the Dungeon)
 11000 | D:11     | Reached skill level 14 in Fighting
 11000 | D:11     | Reached XP level 12. HP: 118/118 MP: 11/11
 11113 | D:12     | You fall into a shaft and drop 1 floor!
 11113 | D:13     | Noticed a two-headed ogre
 11114 | D:13     | Noticed a two-headed ogre
 11114 | D:13     | Noticed an ogre mage
 11114 | D:13     | Noticed a two-headed ogre
 11125 | D:12     | You fall into a shaft and drop 3 floors!
 11125 | D:15     | Entered Level 15 of the Dungeon
 11126 | D:15     | Noticed Azrael
 11131 | D:15     | Noticed a fire dragon
 11136 | D:15     | Noticed an ice dragon
 11137 | D:15     | Killed Azrael
 11142 | D:15     | Killed a fire dragon
 11142 | D:15     | Reached XP level 13. HP: 21/125 MP: 12/12
 11142 | D:15     | Killed from afar by an ice dragon

Illustrated notes

Levels and vault maps discovered:
D:1:      lightli_arrival_noodles, layout_basic, minmay_pentomino_o2
D:2:      layout_loops_ring, kennysheep_slug_shrine, uniq_jessica, uniq_robin
D:3:      layout_loops_cross, old_standard_altar,
          minmay_overflow_temple_star_quad, first_ration,
          nemelex_dance_club_becter, uniq_ijyb, uniq_terence, uniq_sigmund,
          uniq_crazy_yiuf_cottage
D:4:      layout_rooms, marbit_many_paths, ashenzari_altar_1,
          minmay_temple_entry_arrows
D:5:      layout_basic, nicolae_dithmenos_the_darkroom, old_standard_altar,
          chequers_ossuary_entry_cave, grunt_decor_one_mirror, uniq_eustachio
D:6:      layout_loops_ring, serial_shops, shop_statue
D:7:      layout_cave_pools, lemuel_angel_altar
D:8:      minmay_blocky_corners, layout_cave_pools, lemuel_doored_altar,
          lemuel_round_altar, nicolae_ru_awakened_eye, david_nohive_1,
          nrook_pool_corridor, minmay_manual_mail, uniq_erica
D:9:      layout_roguey, nicolae_qazlal_general_emergency, kennysheep_mini_moat,
          hiddenorc1_lemuel, serial_shops, shop, st_stairs_14,
          hangedman_glass_teeth, uniq_psyche
D:10:     layout_roguey, serial_shops, shop, gammafunk_ghost_abyssal_escape
D:11:     layout_loops_ring, minmay_misc_feat_more_columns
D:12:     layout_roguey
D:13:     layout_irregular_city, david_vaults_2, enter_bailey_6, basic_altar
D:15:     grunt_enter_depths_hoard, layout_loops_ring,
          ebering_ghost_funeral_grove, chequers_mini_garden, uniq_azrael,
          uniq_rupert, uniq_roxanne, uniq_jorgrun

Skill      XL: |  1  2  3  4  5  6  7  8  9 10 11 12 |
---------------+-------------------------------------+-----
Axes           | 4 5 6 7 9 10 11 12 | 12.2
Fighting       | 4 5 6 7 9 10 14 | 14.8
Armour         | 3 4 5 6 7 9 10 11 12 | 12.0
Dodging        | 3 |  3.0
Shields        | 1 3 4 6 8 10 11 | 11.5

Action                   |  1- 3 |  4- 6 |  7- 9 | 10-12 | 13-15 || total
-------------------------+-------+-------+-------+-------+-------++-------
Melee: Hand axe          |    65 |    32 |       |       |       ||    97
       Headbutt          |     7 |     6 |    51 |    75 |       ||   139
       War axe           |       |    67 |   282 |   301 |       ||   650
       Broad axe         |       |       |       |    56 |       ||    56
Invok: Berserk           |       |     1 |     2 |     8 |       ||    11
  Use: Scroll            |       |       |       |    21 |       ||    21
       Potion            |       |       |       |     1 |       ||     1
 Stab: Distracted        |       |     1 |       |       |       ||     1
  Eat: Chunk             |     2 |     7 |    14 |    19 |       ||    42
       Ration            |       |       |       |     1 |       ||     1
Armor: Animal skin       |    21 |    16 |     3 |       |       ||    40
       Chain mail        |       |       |    99 |    97 |       ||   196
       Ring mail         |       |       |       |    57 |       ||    57
Dodge: Dodged            |    44 |    47 |   109 |   211 |       ||   411
Block: Buckler           |       |    14 |    54 |    62 |       ||   130
       Kite shield       |       |       |       |   127 |       ||   127

Table legend:
 A = Non-vault XP
 B = Vault XP
 C = Vault XP percentage of total XP
 D = Non-vault monster count
 E = Vault monster count
 F = Vault count percentage of total count
                 A         B        C        D         E       F
            +---------+---------+-------+---------+---------+-------
      Total |   14671 |    8895 |  37.7 |     241 |      79 |  24.7
            +---------+---------+-------+---------+---------+-------
        D:1 |      50 |       2 |   3.8 |      26 |       1 |   3.7
        D:2 |      11 |      75 |  87.2 |       6 |      13 |  68.4
        D:3 |     297 |     328 |  52.5 |      35 |       5 |  12.5
        D:4 |     389 |       2 |   0.5 |      17 |       1 |   5.6
        D:5 |     363 |     202 |  35.8 |      13 |       1 |   7.1
        D:6 |    1358 |       0 |   0.0 |      26 |       0 |   0.0
        D:7 |     872 |       0 |   0.0 |      16 |       0 |   0.0
        D:8 |    1057 |    3769 |  78.1 |      25 |      29 |  53.7
        D:9 |    6679 |     823 |  11.0 |      39 |      20 |  33.9
       D:10 |    2384 |       0 |   0.0 |      23 |       0 |   0.0
       D:11 |    1115 |       0 |   0.0 |      14 |       0 |   0.0
       D:15 |      96 |    3694 |  97.5 |       1 |       9 |  90.0
            +---------+---------+-------+---------+---------+-------
